 Dungeon Crawl Stone Soup version 0.30.1-3-gfc49f6343a (webtiles) character file.

Game seed: 11876857287511313616

0 croobank the Ducker (level 1, -1/23 HPs)
             Began as a Gnoll Monk on July 23, 2023.
             Slain by a kobold
             ... wielding a +0 club
              (3 damage)
             ... on level 2 of the Dungeon.
             The game lasted 00:00:39 (34 turns).

croobank the Ducker (Gnoll Monk)                      Turns: 34, Time: 00:00:40

Health: -1/23      AC:  2    Str: 10    XL:     1   Next: 10%
Magic:  1/1        EV: 14    Int:  9    God:
Gold:   11         SH:  0    Dex: 14    Spells: 0/0 levels left

rFire   . . .        a - +0 short sword
rCold   . . .        (no shield)
rNeg    . . .        b - +0 robe
rPois   .            (no helmet)
rElec   .            (no cloak)
rCorr   .            (no gloves)
SInv    .            (no boots)
Will    .....        (no amulet)
Stlth   +            (no ring)
HPRegen 0.23/turn    (no ring)
MPRegen 0.07/turn

%: no passive effects
@: confused, ambrosia-drunk
A: fangs 1, strong nose, distributed training
a: no special abilities


You were on level 2 of the Dungeon.
You visited 1 branch of the dungeon, and saw 2 of its levels.

You collected 11 gold pieces.

Inventory:

Hand Weapons
 a - a +0 short sword (weapon)
Armour
 b - a +0 robe (worn)
 d - an orb of light


   Skills:
 + Level 6.4 Fighting
 + Level 6.4 Short Blades
 + Level 0.0 Long Blades
 + Level 0.0 Axes
 + Level 0.0 Maces & Flails
 + Level 0.0 Polearms
 + Level 0.0 Staves
 + Level 0.0 Ranged Weapons
 + Level 0.0 Throwing
 + Level 0.0 Armour
 + Level 6.4 Dodging
 + Level 0.0 Stealth
 + Level 0.0 Shields
 + Level 0.0 Unarmed Combat
 + Level 0.0 Spellcasting
 + Level 0.0 Conjurations
 + Level 0.0 Hexes
 + Level 0.0 Summonings
 + Level 0.0 Necromancy
 + Level 0.0 Translocations
 + Level 0.0 Transmutations
 + Level 0.0 Fire Magic
 + Level 0.0 Ice Magic
 + Level 0.0 Air Magic
 + Level 0.0 Earth Magic
 + Level 0.0 Poison Magic
 + Level 0.0 Invocations
 + Level 0.0 Evocations


You couldn't memorise any spells.
You didn't know any spells.
Your spell library was empty.

Dungeon Overview and Level Annotations

Branches:
Dungeon (2/15)

Altars:


Innate Abilities, Weirdness & Mutations

You have very sharp teeth.
Your uncanny sense of smell can sniff out nearby items.
Your experience applies equally to all skills.


Message History

You closely miss the ball python. The quokka misses you.
You barely miss the ball python. The ball python bites you.
The ball python constricts you. The quokka barely misses you.
The rat barely misses you. The kobold closely misses you.
You hit the ball python but do no damage.
The ball python barely misses you. The ball python constricts you.
The quokka bites you. The kobold hits you with a +0 club.
The rat bites you but does no damage.
You are too injured to fight recklessly!
You are too injured to fight recklessly!
You barely miss the ball python. The ball python misses you.
The ball python constricts you.
The quokka twitches its whiskers.
The quokka closely misses you.
You hit the ball python.
You kill the ball python!
The kobold misses you. The rat completely misses you.
The quokka barely misses you.
You hit the kobold.
The kobold is severely wounded.
The hobgoblin barely misses you. The rat bites you but does no damage.
The kobold hits you with a +0 club.
* * * LOW HITPOINT WARNING * * *
The quokka bites you.
* * * LOW HITPOINT WARNING * * *
The quokka bites you.
* * * LOW HITPOINT WARNING * * *
The kobold barely misses you. The hobgoblin misses you.
The rat closely misses you.
You climb downwards.
There is a stone staircase leading up here.
Unknown command.
The kobold attacks as you move away! The kobold hits you with a +0 club.
* * * LOW HITPOINT WARNING * * *
The hobgoblin closely misses you.
You are confused.
You feel invigorated. The quokka barely misses you. The hobgoblin hits you.
* * * LOW HITPOINT WARNING * * *
The kobold hits you with a +0 club.
You die...

. .. ... .#.##
...# #..#
...###..#
#.....r#
#.####r##
#.....g@#
######K......#
#.........
#.........
#.........
##........
.........
##.......


You could see a quokka, a hobgoblin, a kobold and a rat.

Vanquished Creatures
  A ball python (D:1)
1 creature vanquished.

Notes
Turn   | Place    | Note
-------+----------+-------------------------------------------
     0 | D:1      | croobank the Gnoll Monk began the quest for the Orb.
     0 | D:1      | Reached XP level 1. HP: 23/23 MP: 1/1
    34 | D:2      | Slain by a kobold

Illustrated notes

Levels and vault maps discovered:
D:1:      dpeg_arrival_long_road, layout_rooms
D:2:      layout_basic, hellmonk_ecumenical_altar_watching_god

Action                     || total
---------------------------++-------
  Melee: Short sword       ||     6
    Use: Potion            ||     1
 Armour: Robe              ||     2
  Dodge: Dodged            ||    19
